 Dungeon Crawl Stone Soup version 0.30-a0-591-g3c58d2bc28 (webtiles) character file.

Game seed: 15615273140704969054

45 tilp the Covered (level 4, 0/38 HPs)
             Began as a Meteoran Fighter on Jan 4, 2023.
             Succumbed to a scorpion's poison
             ... on level 3 of the Dungeon.
             The game lasted 00:01:58 (466 turns).

tilp the Covered (Meteoran Fighter)                  Turns: 466, Time: 00:01:58

Health: 0/38       AC:  8    Str: 18    XL:     4   Next: 12%
Magic:  5/5        EV: 10    Int:  9    God:
Gold:   24         SH:  5    Dex: 15    Spells: 3/3 levels left

rFire   . . .      SeeInvis .    a - +0 long sword
rCold   . . .      Faith    .    c - +0 buckler
rNeg    . . .      Spirit   .    b - +0 scale mail
rPois   .          Reflect  .    k - +0 helmet
rElec   .          Harm     .    (no cloak)
rCorr   .          Rampage  .    (no gloves)
Will    .....                    (no boots) Stlth
                                 (no amulet)
HPRegen 0.26/turn                j - ring of flight
MPRegen 0.09/turn                (no ring)

@: mighty, brilliant, lethally poisoned (0 -> -7), flying, glowing
A: sense surroundings 1, otherworldly, glowing, explore regen
a: no special abilities


You were on level 3 of the Dungeon.
You visited 1 branch of the dungeon, and saw 3 of its levels.

You collected 24 gold pieces.

Inventory:

Hand Weapons
 a - a +0 long sword (weapon)
Armour
 b - a +0 scale mail (worn)
 c - a +0 buckler (worn)
 k - a +0 helmet (worn)
Jewellery
 j - a ring of flight (left hand)
Scrolls
 f - a scroll of fear {unknown}
 h - a scroll of brand weapon {unknown}
 i - a scroll of summoning {unknown}
Potions
 e - a potion of brilliance
 g - a potion of degeneration {unknown}


   Skills:
 + Level 3.5 Fighting
 + Level 2.8 Long Blades
 + Level 3.9 Armour
 * Level 2.1 Dodging
 + Level 0.6 Stealth
 + Level 3.9 Shields


You had 3 spell levels left.
You didn't know any spells.
Your spell library was empty.

Dungeon Overview and Level Annotations

Branches:
Dungeon (3/15) Zot: 1299

Altars:
Trog


Innate Abilities, Weirdness & Mutations

You passively map a small area around you.
You are easily found by Zot.
You glow in the dark.
You regain HP and MP as you explore.


Message History

The endoplasm quivers.
A scorpion comes into view.
Found 14 gold pieces.
You slash the endoplasm!
You kill the endoplasm!
The scorpion stings you. The scorpion attacks as you move away!
The scorpion barely misses you. x2
You closely miss the scorpion. The scorpion stings you.
You are poisoned.
The scorpion poisons you!
You closely miss the scorpion.
You feel very sick. The scorpion misses you. The scorpion stings you.
You are more poisoned.
The scorpion poisons you!
You barely miss the scorpion.
You feel extremely sick. The scorpion stings you.
The scorpion barely misses you.
You are too injured to fight recklessly!
You are too injured to fight recklessly!
You are too injured to fight recklessly!
You are too injured to fight recklessly!
You are too injured to fight recklessly!
It was a potion of brilliance.
You feel clever all of a sudden.
You feel very sick. The scorpion closely misses you.
You feel very mighty all of a sudden.
You feel very sick. The scorpion stings you.
* * * LOW HITPOINT WARNING * * *
You slash the scorpion!
The scorpion is almost dead.
* * * LOW HITPOINT WARNING * * *
You feel very sick. The scorpion stings you.
* * * LOW HITPOINT WARNING * * *
You slash the scorpion!
You kill the scorpion!
You die...

##. * , , #..
, , .., *, #.$
*#.. *
#..*####..$ *
#.>#....... ,
#.##..........
*
#......?>.....
#.#.......#
#.#@......# *
#..........,
###.#####.#
#.# ##.# #†#
#.. #.# #.#
#.####.##
#.......#
######..#


There were no monsters in sight!

Vanquished Creatures
  A scorpion (D:3)
  A dart slug (D:2)
  6 endoplasms
  2 giant cockroaches
  A goblin (D:3)
  4 hobgoblins
  A kobold (D:1)
  A quokka (D:3)
  7 ball pythons
  7 bats
  3 frilled lizards
  8 rats
42 creatures vanquished.

Notes
Turn   | Place    | Note
-------+----------+-------------------------------------------
     0 | D:1      | tilp the Meteoran Fighter began the quest for the Orb.
     0 | D:1      | Reached XP level 1. HP: 19/19 MP: 2/2
    52 | D:1      | Reached XP level 2. HP: 10/26 MP: 3/3
    73 | D:1      | Reached skill level 1 in Dodging
   176 | D:1      | Reached XP level 3. HP: 30/31 MP: 4/4
   266 | D:3      | Found a bloodstained altar of Trog.
   413 | D:2      | Reached XP level 4. HP: 38/38 MP: 5/5
   455 | D:3      | Noticed a scorpion
   465 | D:3      | HP: 1/38 [scorpion (4)]
   466 | D:3      | Killed a scorpion
   466 | D:3      | Succumbed to a scorpion's poison

Illustrated notes

Levels and vault maps discovered:
D:1:      minmay_arrival_open_corners, layout_basic,
          dilly_ecumenical_altar_fadedgnrine, minmay_split_cup_small
D:2:      layout_basic
D:3:      wad_woods_tower, layout_loops_ring, lemuel_tele_altar, uniq_grinder

Skill      XL: |  1  2  3 |
---------------+----------+-----
Dodging        | 1 2 |  2.1
Fighting       | |  3.5
Long Blades    | |  2.8
Armour         | |  3.9
Stealth        | |  0.6
Shields        | |  3.9

Action                   |  1- 3 |  4- 6 || total
-------------------------+-------+-------++-------
Melee: Long sword        |   104 |    12 ||   116
  Use: Potion            |       |     2 ||     2
Armor: Scale mail        |    82 |     1 ||    83
Dodge: Dodged            |    62 |     6 ||    68
Block: Buckler           |    27 |     2 ||    29

Table legend: (Time is in decaauts)
 A = Elapsed time spent in this place.
 B = Non-inter-level travel time spent in this place.
 C = Inter-level travel time spent in this place.
 D = Time resting spent in this place.
 E = Time spent auto-exploring this place.
 F = Levels seen in this place.
 G = Mean time per level.
                   A        B        C        D        E       F      G
               +--------+--------+--------+--------+--------+-----+--------+
         Total |    500 |    477 |     23 |      0 |      0 |   3 |  166.7 |
       Dungeon |    500 |    477 |     23 |      0 |      0 |   3 |  166.7 |
               +--------+--------+--------+--------+--------+-----+--------+

Top non-repeatable levels by time:
     D:1: 212 daAuts
     D:3: 160 daAuts
     D:2: 127 daAuts
